 Dungeon Crawl Stone Soup version 0.21.1-1-g345015f (webtiles) character file.

51 Monsterracer the Caller (level 3, -4/25 HPs)
             Began as a Gnoll Summoner on Feb 6, 2018.
             Killed from afar by Natasha (10 damage)
             ... with a magic dart
             ... on level 2 of the Dungeon.
             The game lasted 00:01:51 (1259 turns).

Monsterracer the Caller (Gnoll Summoner)            Turns: 1259, Time: 00:01:51

Health: -4/25      AC:  2    Str: 10    XL:     3   Next: 81%
Magic:  9/9        EV: 14    Int: 18    God:
Gold:   40         SH:  0    Dex: 15    Spells: 11/12 levels left

rFire    . . .     SeeInvis .   a - +0 spear
rCold    . . .     Gourm    .   (no shield)
rNeg     . . .     Faith    .   k - +0 robe {MR+}
rPois    .         Spirit   .   (no helmet)
rElec    .         Reflect  .   (no cloak)
rCorr    .         Harm     .   (no gloves)
MR       +....                  (no boots)
Stlth    +++.......             (no amulet)
HPRegen  0.08/turn              (no ring)
MPRegen  0.11/turn              (no ring)

@: no status effects
A: distributed training, fangs 1, strong nose
a: no special abilities


You were on level 2 of the Dungeon.
You were not hungry.

You visited 1 branch of the dungeon, and saw 2 of its levels.

You collected 40 gold pieces.

Inventory:

Hand Weapons
 a - a +0 spear (weapon)
 b - a +0 dagger
Armour
 k - a +0 robe of magic resistance (worn)
Scrolls
 f - a scroll of identify {unknown}
 i - a scroll of immolation {unknown}
Potions
 d - a potion of heal wounds {unknown}
 e - a potion of resistance {unknown}
 g - 2 potions of curing {unknown}
Books
 j - a book of Callings

   Spells                             Type                      Level
   a - Summon Small Mammal            Summoning                    1
   b - Call Imp                       Summoning                    2
   c - Call Canine Familiar           Summoning                    3
   d - Summon Guardian Golem          Hexes/Summoning              3
   e - Summon Lightning Spire         Summoning/Air                4
   f - Summon Ice Beast               Ice/Summoning                4
Comestibles
 c - 3 rations


   Skills:
 + Level 0.9 Fighting
 + Level 0.9 Short Blades
 + Level 0.9 Long Blades
 + Level 0.9 Axes
 + Level 0.9 Maces & Flails
 + Level 0.9 Polearms
 + Level 0.9 Staves
 + Level 0.9 Slings
 + Level 0.9 Bows
 + Level 0.9 Crossbows
 + Level 0.9 Throwing
 + Level 0.9 Armour
 + Level 4.5 Dodging
 + Level 4.2 Stealth
 + Level 0.9 Shields
 + Level 0.9 Unarmed Combat
 + Level 5.0 Spellcasting
 + Level 0.6 Conjurations
 + Level 0.6 Hexes
 + Level 0.6 Charms
 + Level 7.1 Summonings
 + Level 0.6 Necromancy
 + Level 0.6 Translocations
 + Level 0.6 Transmutations
 + Level 0.6 Fire Magic
 + Level 0.6 Ice Magic
 + Level 0.6 Air Magic
 + Level 0.6 Earth Magic
 + Level 0.6 Poison Magic
 + Level 1.0 Invocations
 + Level 0.9 Evocations


You had 11 spell levels left.
You knew the following spells:

 Your Spells              Type           Power        Failure   Level  Hunger
a - Summon Small Mammal   Summ           ####         1%          1    None


Dungeon Overview and Level Annotations

Branches:
Dungeon (2/15)

Altars:
Trog

Annotations:
D:2 Jessica, Natasha


Innate Abilities, Weirdness & Mutations

Your experience applies equally to all skills.
You have very sharp teeth.
Your uncanny sense of smell can sniff out nearby items.


Message History

Wear which item? (? for menu, Esc to quit)
You start removing your armour.
You continue taking off your +0 robe. x4
You finish taking off your +0 robe.
You start putting on your armour.
You continue putting on your glowing robe. x5
You finish putting on your +0 robe of magic resistance.
You feel resistant to hostile enchantments.
Drop what? 11/52 slots (_ for help) (? for menu, Esc to quit)
You drop a +0 robe.
You now have 40 gold pieces (gained 7).
Found a stone staircase leading up.
There is a stone staircase leading up here.
Found a leather armour.
A kobold comes into view. It is wielding a short sword.
You hit the kobold.
You kill the kobold!
No target in view!
No target in view!
You see here a short sword.
Key pressed, stopping explore.
No target in view!
Natasha, Servant of Life and Death comes into view.
Natasha is nearby!
A goblin comes into view.
b - a +0 dagger (weapon)
The goblin shouts!
Jessica the Apprentice Sorceress comes into view.
She is wielding a club.
Found 8 tomahawks.
Found a bloodstained altar of Trog.
Natasha claws you!
You take 10 damage, and have 15/25 hp.
MASSIVE DAMAGE!!
a - a +0 spear (weapon)
Jessica shouts!
Natasha wildly gestures.
Natasha glows brightly for a moment.
The goblin completely misses you.
Natasha growls.
You are feeling hungry.
Natasha mumbles some strange words.
The goblin hits you.
You take 3 damage, and have 13/25 hp.
Natasha mumbles some strange words.
Natasha mumbles some strange words.
The goblin closely misses you.
There is a stone staircase leading up here.
The goblin hits you.
* * * LOW HITPOINT WARNING * * *
You climb upwards.
There is a stone staircase leading down here.
Unknown command.
Unknown command.
You take 3 damage, and have 11/25 hp.
Unknown command.
Unknown command.
You closely miss the goblin. The goblin hits you.
* * * LOW HITPOINT WARNING * * *
You take 3 damage, and have 8/25 hp.
You closely miss the goblin. The goblin closely misses you.
You hit the goblin.
You kill the goblin!
You see here a goblin corpse.
You butcher the goblin corpse.
h - a chunk of flesh
There is a stone staircase leading down, spattered with blood here.
You start resting.
Eating a chunk of flesh.
You eat the chunk of flesh.
This raw flesh tastes terrible.
HP restored.
Health restored: 25 You climb downwards.
Level annotation: Jessica, Natasha Natasha claws you.
There is a stone staircase leading up, spattered with blood here.
You take 6 damage, and have 19/25 hp.
MASSIVE DAMAGE!!
You hit Natasha but do no damage. Natasha claws you!
* * * LOW HITPOINT WARNING * * *
You take 9 damage, and have 10/25 hp.
MASSIVE DAMAGE!!
You hit Natasha. You bite Natasha, but do no damage.
Natasha is lightly wounded.
Natasha closely misses you.
You hit Natasha.
Natasha is moderately wounded.
Natasha closely misses you.
You hit Natasha. Your bite misses Natasha.
Natasha is heavily wounded.
Natasha closely misses you.
You barely miss Natasha.
Natasha is heavily wounded.
Natasha barely misses you.
You hit Natasha. Your bite misses Natasha.
Natasha is severely wounded.
Natasha misses you.
You barely miss Natasha.
Natasha is severely wounded.
Natasha claws you.
* * * LOW HITPOINT WARNING * * *
You take 4 damage, and have 6/25 hp.
You hit Natasha.
Natasha is almost dead.
Natasha casts a spell at you. The magic dart hits you!
You die...

#....#.# ∆ ####.#.## #.#..#######
..# ########.##.......##..#
#.........#..####.##..# .. ....#
#.#########..# #.##..# .. ....#
#.# #.....#.... #.##.<#
..##....###.###.###.#.... #.##.##
.....@...##.....@........##......
........ #######h######+##......
...... #.....# #.......... ....#
#.#.#.# #.......... ....####
#h#.#.# #.......... ###..@.#
######.#@#.# #..........
#.##.###[.....#.#.# #..........
#.##5##.........#.# #..........
#.##.##.5.....#...# ####.......


You could see Natasha and Jessica.

Vanquished Creatures
  2 adders (D:2)
  3 dart slugs (D:1)
  A leopard gecko (D:1)
  3 hobgoblins (D:1)
  4 kobolds
  5 bats (D:1)
  A frilled lizard (D:1)
  3 goblins (D:1)
  8 rats (D:1)
30 creatures vanquished.

Notes
Turn   | Place    | Note
-------+----------+-------------------------------------------
     0 | D:1      | Monsterracer the Gnoll Summoner began the quest for the Orb.
     0 | D:1      | Reached XP level 1. HP: 13/13 MP: 6/6
   199 | D:1      | Reached XP level 2. HP: 19/19 MP: 7/7
   470 | D:1      | Reached XP level 3. HP: 19/25 MP: 9/9
   573 | D:1      | Reached skill level 5 in Spellcasting
   754 | D:2      | Reached skill level 1 in Invocations
  1017 | D:2      | Noticed Natasha
  1021 | D:2      | Found a bloodstained altar of Trog.
  1021 | D:2      | Noticed Jessica
  1046 | D:2      | HP: 11/25 [goblin (3)]
  1252 | D:2      | HP: 10/25 [Natasha (9)]
  1258 | D:2      | HP: 6/25 [Natasha (4)]
  1259 | D:2      | Killed from afar by Natasha

Skill      XL: |  1  2  3 |
---------------+----------+-----
Spellcasting   | 5 |  5.0
Invocations    | 1 |  1.0
Fighting       | |  0.9
Short Blades   | |  0.9
Long Blades    | |  0.9
Axes           | |  0.9
Maces & Flails | |  0.9
Polearms       | |  0.9
Staves         | |  0.9
Slings         | |  0.9
Bows           | |  0.9
Crossbows      | |  0.9
Throwing       | |  0.9
Armour         | |  0.9
Dodging        | |  4.5
Stealth        | |  4.2
Shields        | |  0.9
Unarmed Combat | |  0.9
Conjurations   | |  0.6
Hexes          | |  0.6
Charms         | |  0.6
Summonings     | |  7.1
Necromancy     | |  0.6
Translocations | |  0.6
Transmutations | |  0.6
Fire Magic     | |  0.6
Ice Magic      | |  0.6
Air Magic      | |  0.6
Earth Magic    | |  0.6
Poison Magic   | |  0.6
Evocations     | |  0.9

Action                   || total
-------------------------++-------
Melee: Unarmed           ||    15
       Short sword       ||    20
       Bite              ||     7
       Spear             ||    75
 Stab: Sleeping          ||     8
  Eat: Chunk             ||     1
Armor: Robe              ||    25
Dodge: Dodged            ||    82

Vault maps used:
D:1:      dpeg_arrival_ratfight, minmay_crystal_room, hangedman_decor_lopped,
          minmay_domino_2
D:2:      lemuel_crystal_altar, uniq_sigmund, uniq_jessica, uniq_natasha,
          uniq_crazy_yiuf_cottage
